 Dungeon Crawl Stone Soup version 0.31-a0-986-g5e6e4ef867 (webtiles) character file.

Game seed: 11080040162157351432

72 quinnr the Gusty (level 4, -5/24 HPs)
             Began as a Tengu Air Elementalist on Nov 19, 2023.
             Slain by Sigmund
             ... wielding a +0 scythe
              (12 damage)
             ... on level 2 of the Dungeon on Nov 20, 2023.
             The game lasted 00:03:21 (1835 turns).

quinnr the Gusty (Tengu Air Elementalist)           Turns: 1835, Time: 00:03:21

Health: -5/24      AC:  2    Str:  9    XL:     4   Next: 25%
Magic:  1/8        EV: 12    Int: 17    God:
Gold:   55         SH:  0    Dex: 14    Spells: 1/7 levels left

rFire   . . .        (no weapon)
rCold   . . .        (no shield)
rNeg    . . .        a - +0 robe
rPois   .            (helmet restricted)
rElec   .            (no cloak)
rCorr   .            (no gloves)
SInv    .            (boots unavailable)
Will    .....        (no amulet)
Stlth   ++           (no ring)
HPRegen 0.24/turn    (no ring)
MPRegen 0.11/turn

%: acrobat
@: no status effects
A: beak, talons 3, acrobatic
a: no special abilities


You were on level 2 of the Dungeon.
You visited 1 branch of the dungeon, and saw 2 of its levels.

You collected 55 gold pieces.


Innate Abilities, Weirdness & Mutations

You have a beak for a mouth.
You have claws for feet.
You can magically evade attacks while moving or waiting.


   Skills:
 - Level 2.1 Dodging
 - Level 2.0 Stealth
 - Level 2.0 Spellcasting
 - Level 2.0 Conjurations
 * Level 6.4 Air Magic


You had one spell level left.
You knew the following spells:

 Your Spells              Type           Power      Damage    Failure   Level
i - Swiftness             Air            23%        N/A       4%          3
t - Static Discharge      Conj/Air       32%        3-5/arc   5%          2
z - Shock                 Conj/Air       64%        1d7       3%          1

Your spell library contained the following spells:

 Spells                   Type           Power      Damage    Failure   Level
 Airstrike                Air            11%        2d(2-18)  14%         4

Inventory:

Armour
 a - a +0 robe (worn)
Scrolls
 c - a scroll of vulnerability {unknown}
 d - 3 scrolls of identify {unknown}
 e - a scroll of revelation {unknown}
 f - a scroll of amnesia {unknown}
 g - a scroll of noise {unknown}
Potions
 b - a potion of magic
 h - 2 potions of ambrosia {unknown}
 i - a potion of might {unknown}

Dungeon Overview and Level Annotations

Branches:
Dungeon (2/15)

Altars:

Annotations:
D:1 1 runed translucent door
D:2 Sigmund

###### ...... #######
##### .. #.....#
...##.....#
########........@.#
........(.......h.# .
##.#########.....{####....
.#.............†..†..†..#
.......#####......##..#.#
.#####..####......# ....
...####...###..#### ....
##..# ###.####.## ...
###.# #...##.. ..


You could see a jackal.


Message History

The magic dart hits you! The jackal closely misses you.
Unknown command.
Unknown command.
Casting: Shock (safe; 3% risk of failure)
Confirm with . or Enter, or press ? or * to list all spells.
You don't know that spell.
Casting: Shock (safe; 3% risk of failure)
Confirm with . or Enter, or press ? or * to list all spells.
Aiming: Shock (safe; 3% risk of failure)
Press: ? - help, Shift-Dir - straight line The zap hits something.
The jackal misses you. x2
Unknown command.
Unknown command.
Casting: Shock (safe; 3% risk of failure)
Confirm with . or Enter, or press ? or * to list all spells.
Aiming: Shock (safe; 3% risk of failure)
Press: ? - help, Shift-Dir - straight line The zap hits the jackal.
The jackal is moderately wounded.
The zap hits the jackal.
You kill the jackal!
Something hits you.
* * * LOW HITPOINT WARNING * * *
The jackal bites you but does no damage.
Unknown command.
The jackal bites you.
* * * LOW HITPOINT WARNING * * *
Something hits you!
Ouch! That really hurt!
You die...

Skill      XL: |  1  2  3 |
---------------+----------+-----
Air Magic      | 5 6 |  6.4
Conjurations   | 2 |  2.0
Dodging        | |  2.1
Stealth        | |  2.0
Spellcasting   | |  2.0

Action                     |  1- 3 |  4- 6 || total
---------------------------+-------+-------++-------
  Melee: Unarmed           |     1 |       ||     1
   Cast: Shock             |    92 |    14 ||   106
 Armour: Robe              |     4 |    10 ||    14
  Dodge: Dodged            |     3 |     8 ||    11

Levels and vault maps discovered:
D:1:      dpeg_arrival_caged_fury, layout_basic, eino_curves_01
D:2:      minmay_recursive_quarters, layout_rooms, grunt_decor_one_mirror,
          minmay_misc_feat_more_columns, uniq_natasha, uniq_sigmund

Notes
Turn   | Place    | Note
-------+----------+-------------------------------------------
     0 | D:1      | quinnr the Tengu Air Elementalist began the quest for the
                  | Orb.
     0 | D:1      | Reached XP level 1. HP: 10/10 MP: 4/4
     0 | D:1      | Noticed a jelly
     0 | D:1      | Noticed a jelly
     1 | D:1      | Found a runed translucent door.
     1 | D:1      | Noticed a jelly
   173 | D:1      | Reached XP level 2. HP: 15/15 MP: 1/6
   264 | D:1      | Reached skill level 5 in Air Magic
   569 | D:1      | Reached XP level 3. HP: 19/19 MP: 5/7
   749 | D:1      | Learned a level 2 spell: Static Discharge
   753 | D:1      | Learned a level 3 spell: Swiftness
  1250 | D:2      | Reached skill level 6 in Air Magic
  1514 | D:2      | Reached skill level 2 in Conjurations
  1605 | D:1      | Reached XP level 4. HP: 24/24 MP: 4/8
  1823 | D:2      | Noticed Sigmund
  1835 | D:2      | Slain by Sigmund

Vanquished Creatures
  An adder (D:1)
  A worm (D:2)
  3 dart slugs (D:1)
  4 ball pythons
  3 bats
  4 endoplasms
  3 giant cockroaches (D:1)
  2 goblins (D:1)
  5 hobgoblins
  3 jackals (D:2)
  8 kobolds
  A quokka (D:1)
  5 frilled lizards
  9 rats
52 creatures vanquished.

Table legend: (Time is in decaauts)
 A = Elapsed time spent in this place.
 B = Non-inter-level travel time spent in this place.
 C = Inter-level travel time spent in this place.
 D = Time resting spent in this place.
 E = Time spent auto-exploring this place.
 F = Levels seen in this place.
 G = Mean time per level.
                   A        B        C        D        E       F      G
               +--------+--------+--------+--------+--------+-----+--------+
         Total |   1836 |   1815 |     21 |      0 |   1541 |   2 |  918.0 |
       Dungeon |   1836 |   1815 |     21 |      0 |   1541 |   2 |  918.0 |
               +--------+--------+--------+--------+--------+-----+--------+

Top non-repeatable levels by time:
     D:1: 1412 daAuts
     D:2: 424 daAuts

Table legend:
 A = Non-vault XP
 B = Vault XP
 C = Vault XP percentage of total XP
 D = Non-vault monster count
 E = Vault monster count
 F = Vault count percentage of total count
                 A         B        C        D         E       F
            +---------+---------+-------+---------+---------+-------
      Total |      98 |       5 |   4.9 |      48 |       4 |   7.7
            +---------+---------+-------+---------+---------+-------
        D:1 |      73 |       0 |   0.0 |      34 |       0 |   0.0
        D:2 |      25 |       5 |  16.7 |      14 |       4 |  22.2
            +---------+---------+-------+---------+---------+-------

Levels and vault maps discovered:
D:1:      dpeg_arrival_caged_fury, layout_basic, eino_curves_01
D:2:      minmay_recursive_quarters, layout_rooms, grunt_decor_one_mirror,
          minmay_misc_feat_more_columns, uniq_natasha, uniq_sigmund
